 Dungeon Crawl Stone Soup version 0.17-a0-2215-g49c1de0 (webtiles) character file.

2496 M4edhros the Covert (level 9, 0/53 HPs)
             Began as an Octopode Artificer on Oct 28, 2015.
             Was a Priest of Okawaru.
             Slain by an orc warrior
             ... wielding a +0 glaive
              (21 damage)
             ... on level 8 of the Dungeon.
             The game lasted 00:19:59 (8961 turns).

M4edhros the Covert (Octopode Artificer)            Turns: 8961, Time: 00:19:59

Health: 0/53       AC:  3    Str: 11    XL:     9   Next: 52%
Magic:  14/14      EV: 14    Int: 12    God:    Okawaru [***...]
Gold:   351        SH:  0    Dex: 15    Spells: 1 memorised, 5 levels left

rFire  . . .     SeeInvis .     g - +2 trident (venom)
rCold  . . .     Clarity  .     (no shield)
rNeg   + . .     SustAt   .     (helmet restricted)
rPois  +         Gourm    .     q - amulet of warding
rElec  .         Spirit   .     J - ring of poison resistance
rCorr  .         Warding  +     (no ring)
rMut   .         Stasis   .     (no ring)
MR     .....                    (no ring)
Stlth  ++++++....               (no ring)
                                (no ring)
                                (no ring)
                                (no ring)

@: slowed, very slow, not resistant to hostile enchantments, very stealthy
A: almost no armour, amphibious, 8 rings, constrict 8, tentacle spike 1, thin
metallic scales 1, camouflage 1, blurry vision 1, dopey 1, gelatinous body 1
a: Heroism, Renounce Religion


You were on level 8 of the Dungeon.
You worshipped Okawaru.
Okawaru was most pleased with you.
You were very hungry.

You visited 1 branch of the dungeon, and saw 8 of its levels.

You collected 351 gold pieces.

Inventory:

Hand Weapons
 g - a +2 trident of venom (weapon)
 r - a +2 mace of holy wrath
 v - a +0 spear
 E - a +2 dagger of draining
 F - a +0 hunting sling
 I - a +0 spear of freezing
Missiles
 k - 18 sling bullets of frost
 p - 360 stones (quivered)
 w - 39 sling bullets
Jewellery
 q - an amulet of warding (around mantle)
 J - a ring of poison resistance (left tentacle)
Wands
 b - a wand of flame (0)
 c - a wand of enslavement (4)
 d - a wand of random effects (7)
 n - a wand of cold (2)
 s - a wand of disintegration (4)
Scrolls
 f - 4 scrolls of amnesia {unknown}
 h - 2 scrolls of teleportation {unknown}
 i - 2 scrolls of blinking {unknown}
 j - a scroll of fear {unknown}
 o - 3 scrolls of identify {unknown}
 t - 3 scrolls of remove curse {unknown}
 x - a scroll of fog {unknown}
 y - a scroll of magic mapping {unknown}
 D - a scroll of enchant armour {unknown}
Potions
 a - 2 potions of lignification {unknown}
 u - 2 potions of mutation {unknown}
 z - 3 potions of curing
 A - a potion of brilliance {unknown}
 B - a potion of might {unknown}
 C - a potion of agility
 G - a potion of haste {unknown}
 H - 2 potions of poison {unknown}
Books
 m - a book of Battle

   Spells                             Type                      Level
   a - Infusion                       Charms                       1
   b - Shroud of Golubria             Charms/Translocation         2
   c - Song of Slaying                Charms                       2
   d - Spectral Weapon                Hexes/Charms                 3
   e - Regeneration                   Charms/Necromancy            3
Comestibles
 e - 4 bread rations
 l - a beef jerky
 L - a meat ration


   Skills:
 - Level 1.0 Fighting
 - Level 1.0 Short Blades
 + Level 3.4 Polearms
 * Level 5.8 Slings
 + Level 4.5 Dodging
 + Level 9.3 Stealth
 * Level 0.3 Spellcasting
 * Level 1.2 Charms
 * Level 1.1 Necromancy
 + Level 7.9 Evocations


You had 5 spell levels left.
You knew the following spells:

 Your Spells              Type           Power        Failure   Level  Hunger
a - Regeneration          Chrm/Necr      #.........   69%         3    ####...


Dungeon Overview and Level Annotations

Branches:
Dungeon (8/15)             Temple (0/1) D:7
   Lair: D:8-11

Altars:
Dithmenos
Elyvilon
Kikubaaqudgha
Okawaru
Qazlal
Ru
Trog
Vehumet


Innate Abilities, Weirdness & Mutations

You cannot wear most types of armour.
You are amphibious.
You can wear up to eight rings at the same time.
You can use your tentacles to constrict eight enemies at once.
Your skin changes colour to match your surroundings (Stealth).
Your rubbery body absorbs attacks (AC +1).
One of your tentacles bears a spike.
You are partially covered in thin metallic scales (AC +2).
Scrolls take you a little longer to read.
You are dopey. (Int -2)


Message History

The orc priest invokes the aid of Beogh against you.
Something smites you!
The orc priest hits you with a falchion.
Drink which item? (? for menu, Esc to quit)
It was a potion of curing.
You feel better.
You constrict the orc priest. The orc warrior closely misses you.
The orc wizard gestures at you while chanting.
You feel yourself slow down.
Read which item? (? for menu, Esc to quit)
Okay, then.
Evoke which item? (* to show all) (? for menu, Esc to quit)
Zapping:
c - a wand of enslavement (5)
Press: ? - help, Shift-Dir - straight line, f - orc wizard, p - orc priest
Aim: an orc wizard, wielding a dagger and wearing a robe (chance to defeat MR: 62%)
The orc wizard resists with significant effort.
This wand has 4 charges left.
You constrict the orc priest.
The orc priest hits you with a falchion.
The orc wizard hits you with a dagger.
The orc warrior hits you from afar with a glaive!!
You die...

####...###### #.. #.......#
#.. #.......# #.. #.......#
#####.. #########.).....#
#...... #.......'.......#
#....##
##.#.....#.......####....##
........oo..........'......
##.#.#...#@###.######....#.
# #o#.#o# ............#.
#.....# ............#.
#.o.####............#.
#o.....+....J.......#.
#<...# ............#.
##...# ..........J.#. ..[.#
............#. #..#
.............#


You could see an orc warrior, an orc priest and an orc wizard.

Vanquished Creatures
  2 hungry ghosts (D:7)
  2 ice beasts
  2 orc warriors
  A black bear (D:7)
  A sky beast (D:7)
  A necrophage (D:6)
  2 ogres (D:6)
  A centaur (D:7)
  2 giant frogs (D:6)
  A scorpion (D:4)
  5 jellies (D:8)
  2 crimson imps
  A giant frog zombie (D:7)
  3 orc priests
  2 iguanas
  2 hounds
  3 worker ants
  2 giant frog skeletons (D:5)
  7 gnolls
  7 orc wizards
  2 hound zombies
  9 adders
  6 oozes
  An adder zombie (D:8)
  4 worms
  4 giant geckos
  23 orcs
  2 ball pythons (D:1)
  8 goblins
  8 hobgoblins
  4 jackals (D:6)
  A quokka (D:3)
  16 bats
  6 giant cockroaches
  2 giant gecko skeletons (D:4)
  5 giant newts
  6 kobolds
  2 quokka skeletons
  A quokka zombie (D:5)
  15 rats
174 creatures vanquished.

Vanquished Creatures (collateral kills)
  2 orc priests
  2 gnolls (D:2)
  A goblin (D:2)
5 creatures vanquished.

Vanquished Creatures (others)
  A jelly (D:8)
  2 adders
  An orc (D:7)
  10 fungi (D:8)
14 creatures vanquished.

Grand Total: 193 creatures vanquished

Notes
Turn   | Place    | Note
--------------------------------------------------------------
     0 | D:1      | M4edhros the Octopode Artificer began the quest for the Orb.
     0 | D:1      | Reached XP level 1. HP: 13/13 MP: 3/3
   292 | D:1      | Reached XP level 2. HP: 11/18 MP: 4/4
   918 | D:1      | Reached XP level 3. HP: 23/23 MP: 5/5
   986 | D:2      | Reached skill level 4 in Evocations
  1102 | D:2      | Reached XP level 4. HP: 6/28 MP: 7/7
  1504 | D:3      | Found a bloodstained altar of Trog.
  1915 | D:5      | Entered Level 5 of the Dungeon
  1924 | D:5      | Reached XP level 5. HP: 29/33 MP: 8/8
  1940 | D:5      | Reached skill level 5 in Stealth
  1940 | D:5      | Reached skill level 5 in Evocations
  2349 | D:5      | Found a sacrificial altar of Ru.
  2388 | D:5      | Reached skill level 6 in Stealth
  2388 | D:5      | Reached XP level 6. HP: 24/38 MP: 10/10
  2402 | D:5      | Found an iron altar of Okawaru.
  2407 | D:5      | Became a worshipper of Warmaster Okawaru
  2822 | D:2      | Found a faded altar to an unknown god.
  3912 | D:3      | Reached skill level 7 in Stealth
  3912 | D:3      | Reached XP level 7. HP: 20/43 MP: 11/11
  4204 | D:3      | Found a radiant altar of Vehumet.
  4205 | D:3      | Found an ancient bone altar of Kikubaaqudgha.
  4206 | D:3      | Found a stormy altar of Qazlal.
  4207 | D:3      | Found a sacrificial altar of Ru.
  4207 | D:3      | Found a white marble altar of Elyvilon.
  4500 | D:4      | Reached skill level 1 in Slings
  4557 | D:4      | Noticed an ice beast
  4570 | D:4      | Killed an ice beast
  5200 | D:6      | Reached * piety under Okawaru
  5200 | D:6      | Reached skill level 1 in Polearms
  5219 | D:6      | Reached XP level 8. HP: 31/48 MP: 13/13
  5518 | D:6      | Reached skill level 8 in Stealth
  6252 | D:6      | Reached ** piety under Okawaru
  6621 | D:7      | Found a staircase to the Ecumenical Temple.
  6645 | D:7      | Found a shadowy altar of Dithmenos.
  6908 | D:7      | Reached XP level 9. HP: 22/53 MP: 14/14
  7319 | D:7      | Reached skill level 5 in Slings
  7328 | D:7      | Reached skill level 9 in Stealth
  7918 | D:7      | Gained mutation: One of your tentacles bears a spike. [mutagenic meat]
  7919 | D:7      | Gained mutation: You are partially covered in thin metallic scales (AC +2). [mutagenic meat]
  7920 | D:7      | Gained mutation: Scrolls take you a little longer to read. [mutagenic meat]
  7921 | D:7      | Gained mutation: You are dopey. (Int -2) [mutagenic meat]
  7963 | D:7      | Reached *** piety under Okawaru
  8363 | D:8      | Learned a level 3 spell: Regeneration
  8852 | D:8      | Reached skill level 1 in Necromancy
  8875 | D:8      | Reached skill level 1 in Charms
  8961 | D:8      | Slain by an orc warrior

Vault maps used:
D:1:      matt_arrival_spirals, serial_bayou_pond_c
D:2:      ecumenical_altar_1
D:3:      grunt_temple_overflow_open, first_bread, trog_butcher_becter
D:5:      okawaru_ov_weapons_minmay, nicolae_ru_path_of_blood
D:7:      nicolae_dithmenos_the_darkroom
D:8:      lemuel_slime

Action                   |  1- 3 |  4- 6 |  7- 9 || total
-------------------------+-------+-------+-------++-------
Melee: Short sword       |    52 |     9 |       ||    61
       Mace              |       |    42 |       ||    42
       Spear             |       |    92 |    61 ||   153
       Trident           |       |       |   202 ||   202
 Fire: Hunting sling     |       |       |    10 ||    10
Evoke: Wand              |     5 |     9 |    23 ||    37
  Use: Potion            |       |     2 |     1 ||     3
 Stab: Sleeping          |    12 |    26 |    15 ||    53
       Distracted        |       |       |     5 ||     5
  Eat: Chunk             |       |     9 |    19 ||    28
       Bread ration      |       |       |     2 ||     2
       Beef jerky        |       |       |     2 ||     2
       Meat ration       |       |       |     1 ||     1
